 Dungeon Crawl Stone Soup version 0.30-a0-3-gc9032a9cac (webtiles) character file.

Game seed: 1004899850415775349

49 BritishOli the Trooper (level 3, -2/29 HPs)
             Began as a Demonspawn Fighter on Aug 20, 2022.
             Splashed by a jelly's acid (5 damage)
             ... on level 2 of the Dungeon.
             The game lasted 00:00:53 (1822 turns).

BritishOli the Trooper (Demonspawn Fighter)         Turns: 1822, Time: 00:00:54

Health: -2/29      AC: 14    Str: 18    XL:     3   Next: 51%
Magic:  3/3        EV:  9    Int:  9    God:
Gold:   80         SH:  4    Dex: 12    Spells: 2/2 levels left

rFire   . . .      SeeInvis .    a - +0 long sword
rCold   . . .      Faith    .    c - +0 buckler
rNeg    . . .      Spirit   .    b - +0 scale mail
rPois   .          Reflect  .    (helmet restricted)
rElec   .          Harm     .    (no cloak)
rCorr   .          Rampage  .    l - +1 pair of gloves
Will    .....                    (no boots)
Stlth   ..........               (no amulet)
HPRegen 0.09/turn                (no ring)
MPRegen 0.08/turn                (no ring)

@: sanguine armoured
A: antennae 1, sanguine armour 1
a: no special abilities


You were on level 2 of the Dungeon.
You visited 1 branch of the dungeon, and saw 2 of its levels.

You collected 80 gold pieces.

Inventory:

Hand Weapons
 a - a +0 long sword (weapon)
Armour
 b - a +0 scale mail (worn)
 c - a +0 buckler (worn)
 l - a +1 pair of gloves (worn)
Jewellery
 m - a ring of magical power
Scrolls
 g - a scroll of blinking {unknown}
 h - a scroll of identify {unknown}
 i - a scroll of teleportation {unknown}
Potions
 d - 2 potions of might
 e - 2 potions of magic {unknown}
 f - 2 potions of haste {unknown}
 j - a potion of curing {unknown}
 k - a potion of cancellation {unknown}


   Skills:
 + Level 3.4 Fighting
 + Level 2.3 Long Blades
 + Level 3.1 Armour
 + Level 3.1 Shields


You had 2 spell levels left.
You didn't know any spells.
Your spell library was empty.

Dungeon Overview and Level Annotations

Branches:
Dungeon (2/15)

Altars:


Innate Abilities, Weirdness & Mutations

You have a pair of small antennae on your head.
When seriously injured, your blood forms armour. (AC +6)


Message History

A frilled lizard is nearby!
A frilled lizard is nearby!
You completely miss the frilled lizard. The frilled lizard closely misses you.
A frilled lizard is nearby!
You miss the frilled lizard.
The frilled lizard bites you but does no damage. x2
A frilled lizard is nearby!
You hit the frilled lizard.
You kill the frilled lizard!
A jelly comes into view.
The jelly moves out of view.
Found a stone staircase leading up.
A jelly is nearby!
The jelly hits you. The acid corrodes you!
You are splashed with acid!
A jelly is nearby!
You barely miss the jelly. The jelly hits you.
Your blood congeals into armour.
You are splashed with acid!
You are too injured to fight recklessly!
A jelly is nearby!
You are too injured to fight recklessly!
A jelly is nearby!
You are too injured to fight recklessly!
You are too injured to fight recklessly!
You hit the jelly but do no damage.
Your hands burn!
* * * LOW HITPOINT WARNING * * *
You block the jelly's attack. The jelly hits you but does no damage.
You hit the jelly.
Your hands burn!
* * * LOW HITPOINT WARNING * * *
The jelly is lightly wounded.
The jelly hits you but does no damage. The jelly attacks as you move away!
The jelly hits you but does no damage. The jelly attacks as you move away!
You block the jelly's attack. The jelly attacks as you move away!
The jelly hits you but does no damage.
You hit the jelly.
Your hands burn!
* * * LOW HITPOINT WARNING * * *
The jelly is moderately wounded.
You are no longer corroded.
The jelly closely misses you.
You hit the jelly.
Your hands burn!
You die...

...... ...##.##. ....#+
#+# #....... #..## #.##
.....# # ..#
..#####..##.....# .# .##
..........##...##..# .+
.♣..<..♣...........# ###
..........##.....#.#
#.##..#####..##.J.......
#..## #.#.#.###.@##.##.#
.>..#+#...#.#..........#
..#...#.###†..#..##.####
..#...........#..# #
.###.##.####.##....
.....##......#......
..##########.#..#####
... #....# #.## #.##.#


You could see a jelly.

Vanquished Creatures
  A gnoll (D:1)
  An adder (D:2)
  A dart slug (D:2)
  4 endoplasms (D:1)
  3 giant cockroaches (D:1)
  2 goblins (D:2)
  4 kobolds
  A quokka (D:2)
  2 ball pythons
  5 bats
  3 frilled lizards
  A rat (D:1)
28 creatures vanquished.

Vanquished Creatures (others)
  4 toadstools (D:1)
4 creatures vanquished.

Grand Total: 32 creatures vanquished

Notes
Turn   | Place    | Note
-------+----------+-------------------------------------------
     0 | D:1      | BritishOli the Demonspawn Fighter began the quest for the
                  | Orb.
     0 | D:1      | Reached XP level 1. HP: 18/18 MP: 1/1
   250 | D:1      | Gained mutation: When seriously injured, your blood forms
                  | armour. (AC +6) [demonic ancestry]
   250 | D:1      | Reached XP level 2. HP: 11/24 MP: 2/2
  1011 | D:1      | Gained mutation: You have a pair of small antennae on your
                  | head. [demonic ancestry]
  1011 | D:1      | Reached XP level 3. HP: 28/29 MP: 3/3
  1822 | D:2      | Splashed by a jelly's acid

Illustrated notes

Levels and vault maps discovered:
D:1:      ldierk_walled_garden_2, layout_basic, minmay_tetromino_i4
D:2:      layout_basic, grunt_ministairs_15

Skill      XL: |  1  2 |
---------------+-------+-----
Long Blades    | 2 |  2.3
Shields        | 3 |  3.1
Armour         | 3 |  3.1
Fighting       | |  3.4

Action                   || total
-------------------------++-------
Melee: Long sword        ||    91
Armor: Scale mail        ||    48
Dodge: Dodged            ||    31
Block: Buckler           ||    20

Table legend: (Time is in decaauts)
 A = Elapsed time spent in this place.
 B = Non-inter-level travel time spent in this place.
 C = Inter-level travel time spent in this place.
 D = Time resting spent in this place.
 E = Time spent auto-exploring this place.
 F = Levels seen in this place.
 G = Mean time per level.
                   A        B        C        D        E       F      G
               +--------+--------+--------+--------+--------+-----+--------+
         Total |   1853 |   1813 |     40 |      0 |   1571 |   2 |  926.5 |
       Dungeon |   1853 |   1813 |     40 |      0 |   1571 |   2 |  926.5 |
               +--------+--------+--------+--------+--------+-----+--------+

Top non-repeatable levels by time:
     D:1: 1183 daAuts
     D:2: 670 daAuts
